 Dungeon Crawl Stone Soup version 0.20.0-15-g7f486f2 (webtiles) character file.

158 manyhoops the Gusty (level 5, 0/31 HPs)
             Began as a Tengu Air Elementalist on June 29, 2017.
             Slain by Natasha (9 damage)
             ... on level 4 of the Dungeon.
             The game lasted 00:07:10 (2479 turns).

manyhoops the Gusty (Tengu Air Elementalist)        Turns: 2479, Time: 00:07:11

Health: 0/31       AC:  5    Str:  8    XL:     5   Next: 40%
Magic:  0/9        EV: 12    Int: 17    God:
Gold:   122        SH:  0    Dex: 14    Spells: 2/8 levels left

rFire    . . .     SeeInvis .   h - +0 short sword
rCold    . . .     Gourm    .   (no shield)
rNeg     . . .     Faith    .   a - +0 robe
rPois    .         Spirit   .   (helmet restricted)
rElec    .         Reflect  .   l - +0 cloak
rCorr    .         Harm     .   (no gloves)
MR       .....                  (boots unavailable)
Stlth    ++........             (no amulet)
Regen    0.1/turn               (no ring)
MPRegen  0.2/turn               (no ring)

@: very slightly contaminated
A: beak, talons 3, slimy green scales 1, wild magic 1, able to fly 1, sturdy
frame 1
a: Fly


You were on level 4 of the Dungeon.
You were hungry.

You visited 1 branch of the dungeon, and saw 4 of its levels.

You collected 122 gold pieces.

Inventory:

Hand Weapons
 h - a +0 short sword (weapon)
Armour
 a - a +0 robe (worn)
 l - a +0 cloak (worn)
Scrolls
 d - a scroll of random uselessness
 e - 3 scrolls of remove curse
 j - a scroll of blinking {unknown}
 k - a scroll of fog {unknown}
 n - a scroll of teleportation {unknown}
 q - a scroll of identify
 s - a scroll of amnesia {unknown}
Potions
 g - a potion of mutation
 i - a potion of agility {unknown}
 m - 2 potions of curing {unknown}
 o - a potion of flight {unknown}
 p - a potion of cancellation {unknown}
 r - a potion of heal wounds {unknown}
Books
 b - a book of Air

   Spells                             Type                      Level
   a - Shock                          Conjuration/Air              1
   b - Swiftness                      Charms/Air                   2
   c - Static Discharge               Conjuration/Air              3
   d - Airstrike                      Air                          4
   e - Lightning Bolt                 Conjuration/Air              5
Comestibles
 c - a bread ration
 f - 2 meat rations


   Skills:
 - Level 2.6 Fighting
 - Level 3.7 Short Blades
 - Level 2.1 Dodging
 - Level 2.0 Stealth
 - Level 2.0 Spellcasting
 * Level 2.0 Conjurations
 + Level 4.5 Air Magic


You had 2 spell levels left.
You knew the following spells:

 Your Spells              Type           Power        Failure   Level  Hunger
a - Shock                 Conj/Air       ###.         8%          1    #......
b - Swiftness             Chrm/Air       ##......     17%         2    ###....
c - Static Discharge      Conj/Air       ###.....     22%         3    ###....


Dungeon Overview and Level Annotations

Branches:
Dungeon (4/15)             Temple (0/1) D:4

Altars:
Elyvilon
Uskayaw

Annotations:
D:4 Menkaure, Natasha


Innate Abilities, Weirdness & Mutations

You have a beak for a mouth.
You have claws for feet.
You can fly.
You are partially covered in slimy green scales. (AC +2)
Your spells are a little harder to cast, but a little more powerful.
Your movements are slightly less encumbered by armour. (ER -2)


Message History

Casting: Static Discharge
Confirm with . or Enter, or press ? or * to list all spells.
The bullfrog skeleton is struck by lightning.
The bullfrog skeleton is lightly damaged.
The lightning arcs!
You are struck by lightning.
The lightning grounds out.
Natasha is struck by lightning.
Natasha is moderately wounded.
The lightning arcs!
You are struck by lightning.
* * * LOW HITPOINT WARNING * * *
The lightning grounds out.
The bullfrog skeleton barely misses you.
Natasha casts a spell.
Casting: Static Discharge
Confirm with . or Enter, or press ? or * to list all spells.
The shadow imp is struck by lightning.
The shadow imp is heavily wounded.
The lightning grounds out.
The bullfrog skeleton barely misses you.
Natasha claws you!
You die...

###+### #.....# #.⌠.⌠.###
### +.5>h.+.# #.. #.⌠@⌠.#.#
#.# #.Z...#.# #.# ###'###.#
# #.# ##.###.# ###.#
#..##..### ....#######
#........# .##.......#
###.######.#####
.##.......###.....###......#
###.#......##.###.##....##.#


You could see Natasha, a shadow imp and a bullfrog skeleton.

Vanquished Creatures
  A hound (D:4)
  6 adders
  An ooze (D:3)
  2 worms
  5 dart slugs
  2 leopard geckos (D:3)
  An orc (D:3)
  A ball python (D:2)
  4 goblins (D:1)
  3 hobgoblins
  7 jackals
  A quokka (D:2)
  10 bats
  2 frilled lizards
  2 kobolds
  7 rats
55 creatures vanquished.

Vanquished Creatures (others)
  A kobold (D:2)
1 creature vanquished.

Grand Total: 56 creatures vanquished

Notes
Turn   | Place    | Note
-------+----------+-------------------------------------------
     0 | D:1      | manyhoops the Tengu Air Elementalist began the quest for the Orb.
     0 | D:1      | Reached XP level 1. HP: 10/10 MP: 4/4
    78 | D:1      | Reached skill level 1 in Fighting
    83 | D:1      | Reached XP level 2. HP: 16/16 MP: 0/6
   308 | D:1      | Reached skill level 1 in Short Blades
   390 | D:1      | Reached XP level 3. HP: 11/21 MP: 7/7
   394 | D:1      | Learned a level 2 spell: Swiftness
   398 | D:1      | Learned a level 3 spell: Static Discharge
  1057 | D:2      | Reached XP level 4. HP: 26/26 MP: 4/8
  1083 | D:2      | Found a white marble altar of Elyvilon.
  1216 | D:2      | Found a hide-covered altar of Uskayaw.
  2013 | D:3      | Gained mutation: You can fly. [Tengu growth]
  2013 | D:3      | Reached XP level 5. HP: 27/31 MP: 0/9
  2025 | D:3      | Gained mutation: You are frail. (-10% HP) [potion of mutation]
  2025 | D:3      | Gained mutation: Your mind is acute. (Int +2) [potion of mutation]
  2026 | D:3      | Lost mutation: You are frail. (-10% HP) [potion of mutation]
  2026 | D:3      | Lost mutation: Your mind is acute. (Int +2) [potion of mutation]
  2026 | D:3      | Gained mutation: Your movements are slightly less encumbered by armour. (ER -2) [potion of mutation]
  2026 | D:3      | Gained mutation: Your spells are a little harder to cast, but a little more powerful. [potion of mutation]
  2026 | D:3      | Gained mutation: You are partially covered in slimy green scales. (AC +2) [potion of mutation]
  2418 | D:4      | Noticed Menkaure
  2473 | D:4      | Found a staircase to the Ecumenical Temple.
  2473 | D:4      | Noticed Natasha
  2479 | D:4      | Slain by Natasha

Skill      XL: |  1  2  3  4  5 |
---------------+----------------+-----
Fighting       | 1 2 |  2.6
Short Blades   | 1 2 3 |  3.7
Conjurations   | 2 |  2.0
Dodging        | |  2.1
Stealth        | |  2.0
Spellcasting   | |  2.0
Air Magic      | |  4.5

Action                   |  1- 3 |  4- 6 || total
-------------------------+-------+-------++-------
Melee: Hand axe          |    14 |       ||    14
       Unarmed           |     2 |       ||     2
       Kick              |     9 |    12 ||    21
       Short sword       |    27 |    57 ||    84
       Peck              |     6 |     8 ||    14
 Cast: Shock             |    20 |    19 ||    39
       Static Discharge  |       |    10 ||    10
  Use: Scroll            |       |     2 ||     2
       Potion            |       |     2 ||     2
 Stab: Sleeping          |     1 |     3 ||     4
  Eat: Chunk             |     1 |     5 ||     6
Armor: Robe              |    13 |    19 ||    32
Dodge: Dodged            |    52 |    61 ||   113
